 Dungeon Crawl Stone Soup version 0.28.0-53-g5a82cb258f (webtiles) character file.

Game seed: 203640596305153296

5054 cbfl8 the Cleaver (level 10, -3/202 HPs)
             Began as a Minotaur Berserker on Aug 29, 2022.
             Was a High Priest of Trog.
             Shot with an arrow by a centaur (5 damage)
             ... on level 9 of the Dungeon.
             The game lasted 00:13:36 (9454 turns).

cbfl8 the Cleaver (Minotaur Berserker)              Turns: 9454, Time: 00:13:37

Health: -3/202     AC: 25    Str: 21    XL:     10   Next: 31%
Magic:  9/9        EV:  2    Int:  4    God:    Trog [*****.]
Gold:   427        SH:  5    Dex: 15    Spells: 9/9 levels left

rFire   + . .      SeeInvis .   q - +1 hand axe (elec)
rCold   x . .      Faith    .   (no shield)
rNeg    . . .      Spirit   .   (armour currently unavailable)
rPois   +          Reflect  +   (helmet currently unavailable)
rElec   .          Harm     .   (cloak currently unavailable)
rCorr   +          Rampage  .   (gloves currently unavailable)
Will    .....      NoTele   +   (boots currently unavailable)
Stlth   ..........              F - amulet of reflection
HPRegen 0.43/turn               l - ring of fire
MPRegen 0.11/turn               x - ring of resist corrosion

@: berserking (expiring), lethally poisoned (-3 -> -10), tree-form, very quick
A: stationary, stasis, torment immunity, boosted hp, (horns 2), (retaliatory
headbutt)
a: Renounce Religion, Berserk, Trog's Hand, Brothers in Arms


You were on level 9 of the Dungeon.
You worshipped Trog.
Trog was extremely pleased with you.
You were a tree.
You visited 1 branch of the dungeon, and saw 9 of its levels.
You also visited: Sewer.

You collected 457 gold pieces.
You spent 30 gold pieces at shops.

Inventory:

Hand Weapons
 q - a +1 hand axe of electrocution (weapon)
Armour
 h - a +2 plate armour of cold resistance (melded)
 C - the +2 hat of Ukexamer (melded) {rF+}
   (You found it on level 7 of the Dungeon)

   rF:        It protects you from fire.
 D - a +0 cloak (melded)
Jewellery
 l - a ring of fire (left branch)
 n - a ring of ice
 r - an amulet of regeneration
 v - a ring of protection from fire
 x - a ring of resist corrosion (right branch)
 F - an amulet of reflection (around neck)
Wands
 w - a wand of flame (31) (quivered)
 y - a wand of acid (11)
 B - a wand of paralysis (8)
Scrolls
 c - 2 scrolls of enchant armour
 f - 5 scrolls of fog
 g - 4 scrolls of blinking
 i - 3 scrolls of brand weapon
 t - 2 scrolls of holy word
 u - 2 scrolls of teleportation {unknown}
 G - a scroll of amnesia {unknown}
 H - a scroll of vulnerability {unknown}
 I - a scroll of fear {unknown}
Potions
 a - 2 potions of curing {unknown}
 b - 2 potions of invisibility {unknown}
 d - 4 potions of lignification
 e - a potion of brilliance
 j - 2 potions of might {unknown}
 k - 2 potions of ambrosia {unknown}
 m - 2 potions of resistance {unknown}
 o - a potion of berserk rage {unknown}
 p - 2 potions of degeneration {unknown}
 z - 2 potions of mutation {unknown}
 A - a potion of attraction {unknown}
 E - a potion of flight {unknown}


   Skills:
 * Level 8.7 Fighting
 * Level 12.1 Axes
 + Level 7.0 Armour
 * Level 6.6 Dodging
 + Level 1.1 Stealth
 + Level 2.3 Shields
 * Level 4.3 Evocations


You had 9 spell levels left.
You didn't know any spells.
Your spell library was empty.

Dungeon Overview and Level Annotations

Branches:
Dungeon (9/15)             Temple (0/1) D:7           Sewer (visited)
   Lair: D:8-11         Orc: D:9-12

Altars:
Dithmenos
Gozag
Hepliaklqana
Makhleb
Uskayaw
Wu Jian
The Shining One

Shops:
D:3 *   D:4 =   D:7 ?   D:9 [


Innate Abilities, Weirdness & Mutations

You are a tree.
Your roots penetrate the ground, keeping you stationary.
You cannot be teleported.
You are immune to unholy pain and torment.
Your maximum health is greatly increased.
Your equipment is partially melded.
((You have a pair of horns on your head.))
((You reflexively headbutt those who attack you in melee.))


Message History

* * * LOW HITPOINT WARNING * * *
You are more poisoned.
Something bites you but does no damage. The killer bee stings you.
* * * LOW HITPOINT WARNING * * *
You are lethally poisoned!
The killer bee poisons you!
You miss the killer bee. You slash something!
* * * LOW HITPOINT WARNING * * *
You feel sick.
The centaur shoots an arrow.
Unknown command.
You slash the killer bee!
The killer bee is almost dead.
You hit something but do no damage.
* * * LOW HITPOINT WARNING * * *
You feel sick.
The killer bee stings you but does no damage.
Something hits you but does no damage. You block something's attack.
The centaur shoots an arrow.
You are too berserk!
You barely miss the killer bee.
The killer bee is severely wounded.
You barely miss something.
* * * LOW HITPOINT WARNING * * *
You feel sick. You block the killer bee's attack.
Unknown command.
You slash the killer bee!
You kill the killer bee!
Trog accepts your kill.
You hit something. Lightning courses through something! Trog accepts your kill.
Trog appreciates your killing of a magic user.
Reactivating autopickup.
You feel a bit more experienced.
* * * LOW HITPOINT WARNING * * *
You feel sick.
You miss the killer bee.
* * * LOW HITPOINT WARNING * * *
You feel sick. You block the killer bee's attack.
The centaur shoots an arrow.
The arrow hits you.
You die...

#. '....# #####.
#.<..# ...... #....#
. ......
#....######.. ......
#........... ......
#......... ......
#....cy########
#####.
#####.....†♣.......
#.
........####.......
......#.
........'.......###
#.....#.
...######.......+
+.....#.
########............#
#.....8.
#...................#
#.....#.
#.....<.............#
#.....#.
#...................#
###.....#.
#....................
........##


You could see a centaur and a killer bee.

Vanquished Creatures
  A tengu warrior (D:9)
  A two-headed ogre (D:9)
  A deep elf pyromancer (D:9)
  A hornet (D:7)
  Grinder (D:4)
  A vampire (D:9)
  3 wraiths
  A steam dragon (D:8)
  2 orc warriors (D:8)
  A black bear (D:5)
  An ogre (D:5)
  A phantom (D:4)
  A kobold brigand (D:8)
  4 bullfrogs
  3 scorpions (D:5)
  2 gnoll sergeants (D:8)
  A wyvern zombie (D:7)
  A water moccasin zombie (D:5)
  5 killer bees (D:9)
  3 howler monkeys (D:9)
  2 centaur zombies
  3 jellies
  3 orc priests
  Jessica (D:3)
  7 orc wizards
  A killer bee zombie (D:7)
  3 howler monkey zombies
  13 gnolls
  7 adders
  5 river rats (D:5)
  A white imp (D:6)
  2 ufetubi (D:5)
  A worm (D:2)
  3 dart slugs
  15 orcs
  4 bats
  20 endoplasms
  14 giant cockroaches
  8 goblins
  5 hobgoblins
  13 quokkas
  14 ball pythons
  9 frilled lizards
  10 kobolds
  28 rats
227 creatures vanquished.

Vanquished Creatures (others)
  A plant (D:8)
1 creature vanquished.

Grand Total: 228 creatures vanquished

Notes
Turn   | Place    | Note
-------+----------+-------------------------------------------
     0 | D:1      | cbfl8 the Minotaur Berserker began the quest for the Orb.
     0 | D:1      | Reached XP level 1. HP: 19/19 MP: 0/0
    28 | D:1      | Found a faded altar of an unknown god.
   451 | D:1      | Reached XP level 2. HP: 25/27 MP: 1/1
   638 | D:1      | Reached skill level 4 in Axes
   974 | D:1      | Reached XP level 3. HP: 33/33 MP: 2/2
  1294 | D:2      | Reached ** piety under Trog
  1837 | D:2      | Reached XP level 4. HP: 40/41 MP: 3/3
  1995 | D:2      | Reached skill level 5 in Axes
  2887 | D:3      | Found Giugiargh's General Store.
  2985 | D:3      | Noticed Jessica
  2991 | D:3      | Killed Jessica
  2992 | D:3      | Reached XP level 5. HP: 47/47 MP: 4/4
  3187 | D:4      | Noticed a phantom
  3201 | D:4      | Killed a phantom
  3202 | D:4      | Reached skill level 5 in Fighting
  3202 | D:4      | Reached skill level 6 in Axes
  3202 | D:4      | Reached skill level 1 in Evocations
  3319 | D:4      | Reached *** piety under Trog
  3327 | D:4      | Reached XP level 6. HP: 46/56 MP: 5/5
  3383 | D:4      | Found Zofedanwo's Jewellery Boutique.
  3444 | D:4      | Found a glowing drain.
  3459 | Sewer    | Entered a sewer
  3891 | Sewer    | Reached **** piety under Trog
  3976 | Sewer    | Reached skill level 7 in Axes
  3976 | Sewer    | Reached XP level 7. HP: 29/61 MP: 6/6
  4458 | D:4      | Noticed Grinder
  4466 | D:4      | Killed Grinder
  4831 | D:5      | Entered Level 5 of the Dungeon
  4862 | D:5      | Reached skill level 8 in Axes
  5015 | D:5      | Reached XP level 8. HP: 25/70 MP: 7/7
  5610 | D:5      | Found a burning altar of Makhleb.
  6615 | D:6      | Identified the +0 robe "Urel" {Dex+2 Slay+5}
  7002 | D:7      | Reached skill level 9 in Axes
  7017 | D:7      | Reached skill level 5 in Armour
  7017 | D:7      | Reached skill level 5 in Dodging
  7060 | D:7      | Identified the +2 hat of Ukexamer {rF+}
  7060 | D:7      | Noticed a hornet
  7064 | D:7      | Killed a hornet
  7149 | D:7      | Found a staircase to the Ecumenical Temple.
  7171 | D:7      | Found Olos's Magic Scroll Shoppe.
  7334 | D:7      | Bought a scroll of identify for 30 gold pieces
  7419 | D:7      | Found a hide-covered altar of Uskayaw.
  7420 | D:7      | Found an ornate altar of the Wu Jian Council.
  7667 | D:8      | Found a shadowy altar of Dithmenos.
  7808 | D:8      | Found an opulent altar of Gozag.
  7816 | D:8      | Reached XP level 9. HP: 79/79 MP: 8/8
  7820 | D:8      | Reached skill level 10 in Axes
  7830 | D:8      | Reached ***** piety under Trog
  8183 | D:8      | Reached skill level 1 in Stealth
  8313 | D:8      | Found a faded altar of an unknown god.
  8313 | D:8      | Found a faded altar of an unknown god.
  8315 | D:8      | Found a hazy altar of Hepliaklqana.
  8349 | D:8      | Reached skill level 1 in Shields
  8934 | D:9      | Noticed a deep elf pyromancer
  8934 | D:9      | Noticed a two-headed ogre
  8940 | D:9      | Killed a deep elf pyromancer
  8941 | D:9      | Reached skill level 11 in Axes
  8944 | D:9      | Killed a two-headed ogre
  9054 | D:9      | Reached XP level 10. HP: 87/89 MP: 9/9
  9152 | D:9      | Noticed a tengu warrior
  9165 | D:9      | Killed a tengu warrior
  9166 | D:9      | Reached skill level 12 in Axes
  9319 | D:9      | Found Foagin's Armour Shop.
  9394 | D:9      | Found a glowing golden altar of the Shining One.
  9430 | D:9      | HP: 3/135 [something (6)]
  9449 | D:9      | HP: 8/202 [killer bee (4)]
  9453 | D:9      | HP: 2/202 [poisoned by a killer bee]
  9454 | D:9      | Shot with an arrow by a centaur

Illustrated notes

Levels and vault maps discovered:
D:1:      matt_arrival_grand_opening, layout_basic,
          hellmonk_ecumenical_altar_run_dry
D:2:      minmay_alternating_diamond, layout_loops_ring
D:3:      layout_loops_corners, serial_shops, shop, minmay_misc_feat_alley,
          minmay_bisected, uniq_jessica
D:4:      layout_basic, serial_shops, shop, serial_corexii_hall,
          corexii_hall_statues_i, corexii_hall_statues_l, enter_ossuary_2,
          gup_sewer_entry_bubbles, uniq_grinder
D:5:      layout_loops_ring, lightli_temple_of_fire, dk_rats_in_the_wall
D:6:      layout_cave_pods
D:7:      layout_cave_pools, gammafunk_temple_overflow_pools,
          minmay_temple_entry_wispy, serial_shops, nicolae_shop_window_shopping
D:8:      layout_loops_corners, nicolae_hepliaklqana_ecumenical_no_more,
          lemuel_tele_altar, old_standard_altar
D:9:      layout_irregular_city, kennysheep_little_box, serial_shops,
          nicolae_shop_statue_plus, kb_rosetta

Skill      XL: |  1  2  3  4  5  6  7  8  9 10 |
---------------+-------------------------------+-----
Fighting       | 4 5 6 7 8 |  8.7
Axes           | 4 5 6 7 8 9 11 12 | 12.1
Armour         | 3 4 5 6 7 |  7.0
Dodging        | 3 4 5 6 |  6.6
Evocations     | 1 2 3 4 |  4.3
Stealth        | 1 |  1.1
Shields        | 2 |  2.3

Action                   |  1- 3 |  4- 6 |  7- 9 | 10-12 || total
-------------------------+-------+-------+-------+-------++-------
Melee: Hand axe          |   103 |   225 |   222 |    50 ||   600
       Headbutt          |     9 |    30 |    43 |     7 ||    89
       Punch             |       |     2 |     3 |     1 ||     6
Invok: Berserk           |     1 |     2 |     5 |     2 ||    10
  Use: Scroll            |       |       |     5 |       ||     5
       Potion            |       |       |       |     4 ||     4
 Stab: Sleeping          |     1 |       |       |       ||     1
Armor: Animal skin       |    14 |       |       |       ||    14
       Plate armour      |    12 |   164 |   109 |    20 ||   305
       Leather armour    |     2 |       |       |       ||     2
       Skin              |       |       |       |    27 ||    27
Dodge: Dodged            |    50 |    76 |    57 |    17 ||   200
Block: Other             |       |       |    25 |     8 ||    33
       Reflection        |       |       |       |     1 ||     1
